 Dungeon Crawl Stone Soup version 0.29.0-4-gdea44cf6ec (webtiles) character file.

Game seed: 10737620349477270488

79 qw the Sneak (level 4, -6/28 HPs)
             Began as a Gargoyle Delver on Sept 10, 2022.
             Splashed by a jelly's acid (9 damage)
             ... on level 4 of the Dungeon.
             The game lasted 00:00:13 (540 turns).

qw the Sneak (Gargoyle Delver)                       Turns: 540, Time: 00:00:13

Health: -6/28      AC: -1    Str: 17    XL:     4   Next: 37%
Magic:  4/4        EV: 11    Int: 11    God:
Gold:   10         SH:  0    Dex: 11    Spells: 3/3 levels left

rFire   . . .      SeeInvis .   a - +0 hand axe
rCold   . . .      Faith    .   (no shield)
rNeg    + . .      Spirit   .   b - +0 leather armour
rPois   inf        Reflect  .   (no helmet)
rElec   +          Harm     .   (no cloak)
rCorr   .          Rampage  .   (no gloves)
Will    .....                   (no boots)
Stlth   +++.......              (no amulet)
HPRegen 0.09/turn               (no ring)
MPRegen 0.09/turn               (no ring)

@: corroded
A: sickness immunity, AC +3, negative energy resistance 1, electricity
resistance, torment resistance 1, petrification resistance
a: no special abilities


You were on level 4 of the Dungeon.
You visited 1 branch of the dungeon, and saw 2 of its levels.

You collected 10 gold pieces.


Innate Abilities, Weirdness & Mutations

You are immune to sickness and miasma.
Your stone body is resilient. (AC +3)
You are immune to poison.
You resist negative energy. (rN+)
You are resistant to electric shocks. (rElec)
You are resistant to unholy torment.
You are immune to petrification.


   Skills:
 - Level 3.2 Fighting
 + Level 4.1 Axes
 - Level 1.5 Dodging
 - Level 5.4 Stealth


You had 3 spell levels left.
You didn't know any spells.
Your spell library was empty.

Inventory:

Hand Weapons
 a - a +0 hand axe (weapon)
Armour
 b - a +0 leather armour (worn)
Wands
 g - a wand of digging (3)
Potions
 f - a potion of haste

Dungeon Overview and Level Annotations

Branches:
Dungeon (5/15)
 Temple: D:4-7

Altars:


Message History

You slash the endoplasm!
You kill the endoplasm!
You start resting.
A jackal is nearby!
503 ||| Stepping ~*~*~tactically~*~*~ (stealth).
You start resting.
HP restored.
Items here: %% )).
A jackal is nearby!
512 ||| Stepping ~*~*~tactically~*~*~ (stealth).
514 ||| Stepping ~*~*~tactically~*~*~ (stealth).
516 ||| Stepping ~*~*~tactically~*~*~ (stealth).
The jackal barks!
The jackal bites you but does no damage.
You hit the jackal.
You kill the jackal!
A jelly comes into view.
You hit the jelly.
Your hands burn!
The jelly is moderately wounded.
The jelly completely misses you.
You hit the jelly but do no damage. The acid corrodes you!
Your hands burn!
The jelly is moderately wounded.
The jelly hits you.
You are splashed with acid.
You hit the jelly.
Your hands burn!
The jelly is heavily wounded.
The jelly closely misses you.
You hit the jelly but do no damage.
Your hands burn!
The jelly is heavily wounded.
The jelly misses you.
You completely miss the jelly.
The jelly is heavily wounded.
The jelly closely misses you.
You hit the jelly but do no damage. The acid corrodes you!
Your hands burn!
Your punch misses the jelly.
The jelly is heavily wounded.
The jelly barely misses you.
You hit the jelly.
Your hands burn!
The jelly is severely wounded.
The jelly hits you.
You are splashed with acid!
You die...

#########
......J.#
############
#@#
#...........
#####.##
#.##########
#....#.####.#
#.........).#
#......######
##.......#
............#
###.......#.#
###...### #


You could see a jelly.

Vanquished Creatures
  A howler monkey (D:4)
  A jelly (D:4)
  A dart slug (D:4)
  An endoplasm (D:4)
  2 goblins (D:4)
  A hobgoblin (D:4)
  4 jackals (D:4)
11 creatures vanquished.

Notes
Turn   | Place    | Note
-------+----------+-------------------------------------------
     0 | D:5      | qw the Gargoyle Delver began the quest for the Orb.
     0 | D:5      | Reached XP level 1. HP: 14/14 MP: 1/1
     0 | D:5      | 0 ||| qw: Version: 0.1-a-116-g5d60599
     0 | D:5      | 0 ||| qw: Game counter: 8178
     0 | D:5      | 0 ||| qw: Always use a shield: true
     0 | D:5      | 0 ||| qw: God list: Okawaru
     0 | D:5      | 0 ||| qw: Allow faded altars: false
     0 | D:5      | 0 ||| qw: Do Orc after D:15 true
     0 | D:5      | 0 ||| qw: Do second Lair branch before Depths: true
     0 | D:5      | 0 ||| qw: Lair rune preference: random
     0 | D:5      | 0 ||| qw: Plans: Normal
     0 | D:5      | 0 ||| PLANNING D:1-11
     2 | D:5      | 2 ||| DROPPING scroll of fog.
     3 | D:5      | 3 ||| DROPPING scroll of magic mapping.
     4 | D:5      | 4 ||| DROPPING scroll of fear.
    53 | D:4      | Noticed a howler monkey
    61 | D:4      | 61 ||| Stepping ~*~*~tactically~*~*~ (stealth).
    74 | D:4      | Killed a howler monkey
    75 | D:4      | Reached skill level 3 in Axes
    75 | D:4      | Reached XP level 2. HP: 8/19 MP: 2/2
    75 | D:4      | Reached XP level 3. HP: 9/23 MP: 3/3
   307 | D:4      | 307 ||| Stepping ~*~*~tactically~*~*~ (stealth).
   309 | D:4      | 309 ||| Stepping ~*~*~tactically~*~*~ (stealth).
   311 | D:4      | 311 ||| Stepping ~*~*~tactically~*~*~ (stealth).
   313 | D:4      | 313 ||| Stepping ~*~*~tactically~*~*~ (stealth).
   322 | D:4      | Reached XP level 4. HP: 21/28 MP: 4/4
   447 | D:4      | 447 ||| Stepping ~*~*~tactically~*~*~ (stealth).
   455 | D:4      | 455 ||| Stepping ~*~*~tactically~*~*~ (stealth).
   456 | D:4      | 456 ||| Stepping ~*~*~tactically~*~*~ (stealth).
   457 | D:4      | 457 ||| Stepping ~*~*~tactically~*~*~ (stealth).
   458 | D:4      | 458 ||| Stepping ~*~*~tactically~*~*~ (stealth).
   503 | D:4      | 503 ||| Stepping ~*~*~tactically~*~*~ (stealth).
   512 | D:4      | 512 ||| Stepping ~*~*~tactically~*~*~ (stealth).
   514 | D:4      | 514 ||| Stepping ~*~*~tactically~*~*~ (stealth).
   516 | D:4      | 516 ||| Stepping ~*~*~tactically~*~*~ (stealth).
   540 | D:4      | HP: 5/28 [acid (5)]
   540 | D:4      | Splashed by a jelly's acid

Levels and vault maps discovered:
D:4:      layout_loops_ring, gammafunk_ghost_necromancy, nicolae_take_the_stairs
D:5:      layout_cave_pools, kennysheep_small_spiral, minivault_25,
          uniq_crazy_yiuf_cottage

Skill      XL: |  1  2  3  4 |
---------------+-------------+-----
Axes           | 3 4 |  4.1
Fighting       | |  3.2
Dodging        | |  1.5
Stealth        | |  5.4

Action                   |  1- 3 |  4- 6 || total
-------------------------+-------+-------++-------
Melee: Hand axe          |    22 |    32 ||    54
       Punch             |     1 |       ||     1
Armor: Leather armour    |     4 |    12 ||    16
Dodge: Dodged            |    11 |    17 ||    28

Table legend:
 A = Non-vault XP
 B = Vault XP
 C = Vault XP percentage of total XP
 D = Non-vault monster count
 E = Vault monster count
 F = Vault count percentage of total count
                 A         B        C        D         E       F
            +---------+---------+-------+---------+---------+-------
      Total |     113 |       0 |   0.0 |      11 |       0 |   0.0
            +---------+---------+-------+---------+---------+-------
        D:4 |     113 |       0 |   0.0 |      11 |       0 |   0.0
            +---------+---------+-------+---------+---------+-------
